 Dungeon Crawl Stone Soup version 0.25.0-65-g31bcc41 (webtiles) character file.

223848 Dorkslayer the Peltast (level 19, -8/119 HPs)
             Began as a Gargoyle Fighter on Nov 4, 2020.
             Was the Champion of Okawaru.
             Splashed by a deep elf sorcerer's acid (16 damage)
             ... in the Elven Halls.
             The game lasted 00:38:15 (5815 turns).

Dorkslayer the Peltast (Gargoyle Fighter)           Turns: 5815, Time: 00:38:15

Health: -8/119     AC: 36    Str: 30    XL:     19   Next: 67%
Magic:  28/29      EV: 11    Int: 14    God:    Okawaru [******]
Gold:   1198       SH: 23    Dex: 16    Spells: 18/18 levels left

rFire    . . .     SeeInvis .   N - +11 demon blade "Upsiod" {flame, rC- rN+ Int+3}
rCold    . . .     Gourm    .   c - +4 shield
rNeg     + + .     Faith    .   q - +2 chain mail {rC+}
rPois    ∞         Spirit   .   (no helmet)
rElec    +         Reflect  +   C - +0 cloak
rCorr    .         Harm     .   U - +0 pair of fencer's gloves {+Riposte Dex+3}
MR       +....                  t - +1 pair of boots {Stlth+}
Stlth    ..........             i - +3 amulet of reflection
HPRegen  0.29/turn              x - ring "Fetoehig" {AC+3 Dex+4}
MPRegen  0.21/turn              u - +4 ring of strength

@: hasted, very quick
A: big wings, negative energy resistance 1, electricity resistance, unbreathing,
petrification resistance, rot immunity, AC +14
a: Fly, Heroism, Finesse, Renounce Religion


You were in the Elven Halls.
You worshipped Okawaru.
Okawaru was exalted by your worship.
You were very full.

You visited 4 branches of the dungeon, and saw 6 of its levels.
You visited the Abyss 1 time.
You also visited: Volcano.

You collected 1360 gold pieces.
You spent 162 gold pieces at shops.

Inventory:

Hand Weapons
 d - a +6 double sword of slicing
 N - the +11 demon blade "Upsiod" (weapon) {flame, rC- rN+ Int+3}
   (Okawaru gifted it to you on level 3 of the Dungeon)

   It has been specially enchanted to burn those struck by it, causing extra
   injury to most foes and up to half again as much damage against particularly
   susceptible opponents.
   Big, fiery blades are also staple armaments of hydra-hunters.
   It affects your intelligence (+3).
   It makes you vulnerable to cold.
   It protects you from negative energy.
Missiles
 a - 4 silver tomahawks
 e - 7 tomahawks
 v - 3 steel javelins
 y - 4 steel tomahawks
 D - 9 silver javelins (quivered)
 I - 3 tomahawks of returning
 T - 2 javelins of penetration
Armour
 c - a +4 shield (worn)
 q - a +2 chain mail of cold resistance (worn)
 t - a +1 pair of boots of stealth (worn)
 C - a +0 cloak (worn)
 U - the +0 pair of fencer's gloves (worn) {+Riposte Dex+3}
   (Okawaru gifted it to you in the Elven Halls)

   It affects your dexterity (+3).
Jewellery
 b - an uncursed ring of magical power {unknown}
 i - a +3 amulet of reflection (around neck)
 u - a +4 ring of strength (right hand)
 x - the ring "Fetoehig" (left hand) {AC+3 Dex+4}
   (You found it on level 2 of the Dungeon)

   [ring of protection]

   It affects your AC (+3).
   It affects your dexterity (+4).
 E - an uncursed ring of see invisible
Wands
 g - a wand of acid (6)
 p - a wand of clouds (5)
 s - a wand of digging (5)
 w - a wand of iceblast (11)
 G - a wand of paralysis (7)
 H - a wand of polymorph (11)
 J - a wand of enslavement (11)
 Q - a wand of random effects (13)
Scrolls
 k - a scroll of holy word
 l - 6 scrolls of remove curse
 m - 2 scrolls of enchant armour
 r - a scroll of blinking
 M - a scroll of magic mapping
 O - 2 scrolls of fear
Potions
 h - a potion of berserk rage
 n - a potion of might
 o - 4 potions of curing
 z - a potion of haste
 A - a potion of mutation
 R - a potion of cancellation
 S - 2 potions of magic
Miscellaneous
 j - a phantom mirror
 P - a lightning rod (3/4)
Comestibles
 f - 23 rations


   Skills:
 + Level 13.3 Fighting
 + Level 15.4 Long Blades
 + Level 6.0 Throwing
 + Level 11.2 Armour
 + Level 3.6 Dodging
 + Level 1.6 Stealth
 + Level 18.0 Shields
 * Level 13.4 Invocations
 * Level 13.3 Evocations


You had 18 spell levels left.
You didn't know any spells.
Your spell library contained the following spells:

 Spells                   Type           Power        Failure   Level  Hunger
 Magic Dart               Conj           #...         71%         1    ##.....
 Searing Ray              Conj           #.....       85%         2    ###....
 Dazzling Spray           Conj/Hex       #.....       97%         3    ####...
 Static Discharge         Conj/Air       #.......     97%         3    ####...
 Force Lance              Conj/Tloc      #.......     100%        4    #####..
 Fulminant Prism          Conj/Hex       #.........   100%        4    #####..
 Iskenderun's Mystic Bla  Conj           #.......     100%        4    #####..
 Iron Shot                Conj/Erth      #.........   100%        6    #######


Dungeon Overview and Level Annotations

Branches:
Dungeon (3/3)              Temple (1/1) D:1           Swamp (0/1) D:2
  Snake (0/1) D:2           Slime (0/1) D:3             Orc (1/1) D:2
    Elf (1/1) Orc          Vaults (0/1) D:3          Depths (0/1) D:3

Altars:
Cheibriados
Elyvilon
Fedhas
Gozag
Hepliaklqana
Makhleb
Okawaru
Sif Muna
Trog
Vehumet
Yredelemnul
Zin
Jiyva

Shops:
Orc [%:*   Elf *


Innate Abilities, Weirdness & Mutations

You are resistant to torment.
Your stone body is resilient. (AC +14)
You are immune to poison.
Your large and strong wings let you fly indefinitely.
You resist negative energy. (rN+)
You are resistant to electric shocks. (rElec)
You can survive without breathing.
You are immune to petrification.
You are immune to rotting.


Message History

Aim: a deep elf sorcerer, wielding a +0 short sword (fast)
The thunderbolt hits the sun demon.
The sun demon resists.
The sun demon is moderately wounded.
The thunderbolt hits the deep elf demonologist.
The deep elf demonologist is heavily wounded.
The thunderbolt hits the deep elf sorcerer.
You kill the deep elf sorcerer!
Okawaru accepts your kill.
Your lightning rod (4/4) has regained one charge.
Your Shields skill increases to level 18!
The thunderbolt hits the earth elemental.
The earth elemental completely resists.
The thunderbolt hits the deep elf sorcerer.
The deep elf sorcerer is moderately wounded.
You hear a shout!
The deep elf sorcerer gestures at you while chanting.
The bolt of acid hits you!
* * * LOW HITPOINT WARNING * * *
You are splashed with acid!
The acid burns!
You die...

*,**,,,,,,,...§,,,,,,,**,*
*,***,*#####e§######,**,,*
*,* *,*,e.≈≈.E≈≈.e(#**,,,*
*,***,,,,e≈≈e.≈≈e..e,,,,,*
*,,,***,,,≈≈(E≈≈E.,*****,*
*,,,* *,,,≈≈).≈≈,,,*****,*
*,,,* *****#3)#*****,,,,,*
***+*******#))#*********,*
*,,,,,,,,,*#@[#*,,,,,,,,,*
*,,,,,,,,,*#)[#*,,,,,,,,,*
*,,,,,,,,,*#).#*,,,,,,,,,*
*,,,,,,,,,*#..#*,,,,,,,,,*
***********#≈≈#***********
#≈≈# #≈≈# #..# ##.(#


You could see a deep elf sorcerer, a sun demon, a deep elf demonologist, an
earth elemental, 2 deep elf magi and a fire elemental.

Vanquished Creatures
  2 deep elf sorcerers (Elf)
  A deep elf elementalist (Elf)
  2 deep elf demonologists (Elf)
  2 deep elf annihilators (Elf)
  2 very ugly things (D:3)
  A deep elf death mage (Elf)
  2 fire dragons (D:3)
  2 ogre magi (D:3)
  5 vault guards (D:3)
  A rakshasa (D:3)
  A hydra (D:3)
  2 centaur warriors (D:3)
  A hell hog (Abyss:3)
  3 orc high priests (Orc)
  5 dancing weapons (Elf)
  5 deep elf knights
  4 deep elf archers (Elf)
  2 starcursed masses (Abyss:3)
  4 orc knights (Orc)
  6 orc sorcerers
  A harpy (shapeshifter) (D:3)
  4 ugly things
  15 deep elf magi (Elf)
  A cyclops (D:2)
  A worldbinder (Abyss:3)
  A smoke demon (Abyss:3)
  A gargoyle (D:3)
  A rime drake (shapeshifter) (D:3)
  2 red devils (Volcano)
  A meliai (D:3)
  2 tengu conjurers (D:3)
  3 trolls
  3 slime creatures (D:3)
  A large abomination (Abyss:3)
  A shadow (D:3)
  A basilisk (D:2)
  2 wraiths
  A wyvern (D:2)
  A vampire mosquito (D:3)
  An acid dragon (D:3)
  A hell hound (Volcano)
  18 orc warriors
  3 phantoms (D:2)
  A sky beast (D:2)
  6 ogres
  A boggart (D:3)
  A big kobold (D:2)
  2 bullfrogs
  3 gnoll sergeants
  An earth elemental (Elf)
  A killer bee (D:2)
  A wight (D:2)
  A crimson imp (D:2)
  A hound (D:2)
  12 orc priests
  2 iguanas (D:2)
  13 orc wizards
  2 worker ants (D:2)
  6 gnolls
  2 adders
  A shadow imp (D:2)
  A worm (D:1)
  18 orcs
  A fungus (Elf)
196 creatures vanquished.

Vanquished Creatures (others)
  A dancing weapon (Elf)
  A deep elf archer (Elf)
  A deep elf mage (Elf)
  A cyclops (D:3)
  A human (D:3)
  An orc warrior (D:2)
6 creatures vanquished.

Grand Total: 202 creatures vanquished

Notes
Turn   | Place    | Note
-------+----------+-------------------------------------------
     0 | D:1      | Dorkslayer the Gargoyle Fighter began the quest for the
                  | Orb.
     0 | D:1      | Reached XP level 1. HP: 14/14 MP: 1/1
    70 | D:1      | Reached XP level 2. HP: 20/20 MP: 2/2
    70 | D:1      | Reached XP level 3. HP: 24/24 MP: 3/3
   104 | D:1      | Reached skill level 4 in Shields
   150 | D:1      | Found a radiant altar of Vehumet.
   152 | D:1      | Found a glowing silver altar of Zin.
   153 | D:1      | Found a white marble altar of Elyvilon.
   153 | D:1      | Found a bloodstained altar of Trog.
   164 | D:1      | Reached XP level 4. HP: 26/29 MP: 4/4
   198 | D:1      | Found a hazy altar of Hepliaklqana.
   199 | D:1      | Found a snail-covered altar of Cheibriados.
   253 | D:1      | Found a deep blue altar of Sif Muna.
   253 | D:1      | Found a burning altar of Makhleb.
   290 | D:1      | Found a blossoming altar of Fedhas.
   331 | D:1      | Noticed a bullfrog
   360 | D:1      | Killed a bullfrog
   360 | D:1      | Reached skill level 5 in Armour
   360 | D:1      | Reached skill level 5 in Shields
   360 | D:1      | Reached XP level 5. HP: 22/34 MP: 5/5
   360 | D:1      | Reached XP level 6. HP: 27/40 MP: 6/6
   366 | D:1      | Reached skill level 5 in Fighting
   366 | D:1      | Reached XP level 7. HP: 30/44 MP: 7/7
   377 | D:1      | Reached skill level 6 in Shields
   398 | D:1      | Found a basalt altar of Yredelemnul.
   674 | D:1      | Found a staircase to the Ecumenical Temple.
   886 | D:2      | Reached skill level 1 in Evocations
   886 | D:2      | Reached XP level 8. HP: 45/51 MP: 7/9
   942 | D:2      | Reached skill level 5 in Long Blades
   942 | D:2      | Reached skill level 7 in Shields
   942 | D:2      | Reached XP level 9. HP: 55/55 MP: 10/10
   987 | D:2      | Noticed a troll
   991 | D:2      | Noticed a cyclops
  1003 | D:2      | Reached skill level 8 in Shields
  1005 | D:2      | Killed a troll
  1005 | D:2      | Reached XP level 10. HP: 45/61 MP: 11/13
  1027 | D:2      | Found a staircase to the Swamp.
  1041 | D:2      | Reached skill level 9 in Shields
  1051 | D:2      | Killed a cyclops
  1051 | D:2      | Reached skill level 10 in Shields
  1051 | D:2      | Reached skill level 5 in Evocations
  1073 | D:2      | Found a staircase to the Snake Pit.
  1211 | D:2      | Reached XP level 11. HP: 67/67 MP: 15/15
  1394 | Temple   | Entered the Ecumenical Temple
  1397 | Temple   | Became a worshipper of Warmaster Okawaru
  1474 | D:2      | Got a vibrating iron ring
  1475 | D:2      | Identified the ring "Fetoehig" {AC+3 Dex+4} (You found it
                  | on level 2 of the Dungeon)
  1560 | D:2      | Identified a scroll of acquirement
  1646 | D:2      | Reached * piety under Okawaru
  1682 | D:2      | Found a staircase to the Orcish Mines.
  1703 | D:2      | Reached skill level 11 in Shields
  1708 | D:2      | Reached skill level 1 in Dodging
  1718 | D:2      | Reached ** piety under Okawaru
  1748 | D:2      | Reached XP level 12. HP: 70/73 MP: 17/17
  1774 | D:2      | Reached *** piety under Okawaru
  1786 | D:2      | Reached skill level 10 in Long Blades
  1786 | D:2      | Reached skill level 1 in Throwing
  1809 | D:2      | Reached skill level 12 in Shields
  2175 | D:3      | Entered Level 3 of the Dungeon
  2198 | D:3      | Noticed a green very ugly thing
  2221 | D:3      | Killed a green very ugly thing
  2221 | D:3      | Reached **** piety under Okawaru
  2221 | D:3      | Received a gift from Okawaru
  2262 | D:3      | Noticed a deep elf knight
  2262 | D:3      | Noticed a vault guard
  2283 | D:3      | Killed a deep elf knight
  2283 | D:3      | Reached ***** piety under Okawaru
  2283 | D:3      | Received a gift from Okawaru
  2283 | D:3      | Reached skill level 13 in Shields
  2283 | D:3      | Reached XP level 13. HP: 63/79 MP: 17/19
  2286 | D:3      | Noticed a green very ugly thing
  2291 | D:3      | Noticed a vault guard
  2318 | D:3      | Killed a green very ugly thing
  2318 | D:3      | Received a gift from Okawaru
  2318 | D:3      | Reached skill level 5 in Invocations
  2402 | D:3      | Received a gift from Okawaru
  2424 | D:3      | Noticed a vault guard
  2424 | D:3      | Noticed a vault guard
  2467 | D:3      | Killed a vault guard
  2467 | D:3      | Reached skill level 1 in Stealth
  2467 | D:3      | Gained mutation: Your large and strong wings let you fly
                  | indefinitely. [Gargoyle growth]
  2467 | D:3      | Reached XP level 14. HP: 80/86 MP: 13/20
  2484 | D:3      | Received a gift from Okawaru
  2506 | D:3      | Reached ****** piety under Okawaru
  2506 | D:3      | Received a gift from Okawaru
  2560 | D:3      | Found a gate to the Vaults.
  2586 | D:3      | Reached skill level 5 in Throwing
  2698 | D:3      | Received a gift from Okawaru
  2834 | D:3      | Found a viscous altar of Jiyva.
  2834 | D:3      | Found a staircase to the Slime Pits.
  2852 | D:3      | Reached skill level 14 in Shields
  2988 | D:3      | Received a gift from Okawaru
  2988 | D:3      | Reached skill level 10 in Fighting
  2988 | D:3      | Reached skill level 10 in Evocations
  2988 | D:3      | Reached XP level 15. HP: 92/92 MP: 16/22
  2991 | D:3      | Got a dazzling demon blade {god gift}
  2992 | D:3      | Identified the +11 demon blade "Upsiod" {flame, rC- rN+
                  | Int+3} (Okawaru gifted it to you on level 3 of the Dungeon)
  3031 | D:3      | Paralysed by an ogre mage for 4 turns
  3280 | D:3      | Received a gift from Okawaru
  3493 | D:3      | Reached XP level 16. HP: 74/99 MP: 24/24
  3778 | D:3      | Found a staircase to the Depths.
  3894 | Orc      | Entered the Orcish Mines
  3914 | Orc      | Received a gift from Okawaru
  3914 | Orc      | Reached skill level 10 in Armour
  3948 | Orc      | Found a dark tunnel.
  3953 | Volcano  | Entered a volcano
  3998 | Volcano  | Received a gift from Okawaru
  4030 | Volcano  | Reached skill level 15 in Shields
  4030 | Volcano  | Reached skill level 10 in Invocations
  4339 | Orc      | Found a staircase to the Elven Halls.
  4615 | Orc      | Found Xomiagaf's Assorted Antiques.
  4666 | Orc      | Reached XP level 17. HP: 81/104 MP: 21/25
  4678 | Orc      | Received a gift from Okawaru
  4724 | Orc      | Got a dazzling long sword {god gift}
  4725 | Orc      | Identified the +11 long sword of Conscience {chaos, +Inv}
                  | (Okawaru gifted it to you in the Orcish Mines)
  4751 | Orc      | Found Ruciriut's Book Emporium.
  4756 | Orc      | Bought a scroll labeled QOFAKK EPHIS for 37 gold pieces
  4761 | Orc      | Found Tuhymmen's Food Emporium.
  4763 | Orc      | Found Mihixt's Antique Armour Shop.
  4976 | Elf      | Entered the Elven Halls
  5037 | Elf      | Received a gift from Okawaru
  5037 | Elf      | Reached skill level 16 in Shields
  5080 | Elf      | Got a vibrating pewter ring
  5082 | Elf      | Identified the ring "Yham" {Fire *Corrode rElec Str+5
                  | Int+2} (You found it in the Elven Halls)
  5121 | Elf      | Received a gift from Okawaru
  5186 | Elf      | Found Zechax's Assorted Antiques.
  5189 | Elf      | Bought a scroll labeled ASOIRI DEDU for 25 gold pieces
  5189 | Elf      | Bought an ivory wand for 100 gold pieces
  5239 | Elf      | Reached XP level 18. HP: 93/112 MP: 27/27
  5369 | Elf      | Reached skill level 15 in Long Blades
  5381 | Elf      | Received a gift from Okawaru
  5381 | Elf      | Reached skill level 17 in Shields
  5385 | Elf      | Received a gift from Okawaru
  5386 | Elf      | Found the +0 pair of fencer's gloves {+Riposte Dex+3}
  5491 | Elf      | Identified the Collected Works on Battle Magic
  5641 | Elf      | Noticed an Ice Fiend
  5642 | Elf      | Noticed a Tzitzimitl
  5681 | Elf      | Reached XP level 19. HP: 69/118 MP: 28/28
  5682 | Elf      | Cast into level 3 of the Abyss (a deep elf sorcerer)
  5807 | Elf      | Escaped the Abyss
  5813 | Elf      | Received a gift from Okawaru
  5815 | Elf      | Reached skill level 18 in Shields
  5815 | Elf      | Splashed by a deep elf sorcerer's acid

Skill      XL: |  1  2  3  4  5  6  7  8  9 10 11 12 13 14 15 16 17 18 19 |
---------------+----------------------------------------------------------+-----
Long Blades    | 2 3 4 5 6 8 9 10 11 12 13 14 15 | 15.4
Shields        | 4 5 6 7 8 10 11 13 14 15 16 17 18 | 18.0
Fighting       | 4 5 6 7 8 9 10 11 12 13 | 13.3
Armour         | 4 5 6 7 8 9 10 11 | 11.2
Evocations     | 1 2 4 5 6 8 9 10 11 12 13 | 13.3
Dodging        | 1 2 3 |  3.6
Throwing       | 2 4 5 6 |  6.0
Invocations    | 4 6 8 9 10 11 12 13 | 13.4
Stealth        | 1 |  1.6

Action                   |  1- 3 |  4- 6 |  7- 9 | 10-12 | 13-15 | 16-18 | 19-21 || total
-------------------------+-------+-------+-------+-------+-------+-------+-------++-------
Melee: Long sword        |    14 |    18 |    72 |   237 |    95 |       |       ||   436
       Falchion          |       |       |       |       |    74 |       |       ||    74
       Demon blade       |       |       |       |       |    64 |   279 |    20 ||   363
Throw: Tomahawk          |       |       |       |    22 |    13 |       |       ||    35
       Throwing net      |       |       |       |     1 |       |       |       ||     1
       Javelin           |       |       |       |       |       |    10 |       ||    10
Invok: Heroism           |       |       |       |     3 |     3 |     5 |       ||    11
       Finesse           |       |       |       |       |     3 |     3 |       ||     6
Evoke: Wand              |       |       |       |     1 |     7 |     7 |       ||    15
       Lightning rod     |       |       |       |       |       |     5 |     7 ||    12
  Use: Scroll            |     1 |     4 |     5 |     7 |     2 |    15 |       ||    34
       Potion            |       |     1 |     2 |     1 |       |     6 |     2 ||    12
 Stab: Held in net/web   |       |       |       |     1 |       |       |       ||     1
       Confused          |       |       |       |       |     1 |       |       ||     1
  Eat: Chunk             |       |       |       |     4 |     1 |     4 |       ||     9
       Ration            |       |       |       |     1 |     1 |       |     2 ||     4
Armor: Scale mail        |     3 |       |       |       |       |       |       ||     3
       Plate armour      |       |    11 |    41 |    53 |    53 |    29 |       ||   187
       Chain mail        |       |       |       |       |       |    36 |     1 ||    37
Dodge: Dodged            |     3 |     2 |     8 |    25 |    19 |    30 |     4 ||    91
Block: Shield            |    10 |    20 |    61 |   189 |   118 |   234 |    12 ||   644
       Reflection        |       |       |       |    13 |     7 |    24 |       ||    44
       Rpst.: Long sword |     1 |       |     1 |     8 |     2 |       |       ||    12
       Falchion          |       |       |       |       |     2 |       |       ||     2
       Demon blade       |       |       |       |       |       |     9 |     3 ||    12
